Map: Newkirk Precinct TE (Void)

Players

Bombs - Winner!

  • Race: Terran Terran
  • Spawn Location: 7:00

A.I. 2 (Elite)

  • Race: Terran Terran
  • Spawn Location: 5:00

VOD

Have the link to the VOD?

Description

Time

  • Played on: March 25, 2017, 12:03 p.m.
  • Length: 9:28
Show
View Real Time Build Order
Export as new Build Order

Bombs Terran - Winner!

Build Orders: Liberator Opening, Bio Tank 

Get SALT Encoding   

  12  0:01  SCV  
  13  0:13  SCV  
  14  0:18  Supply Depot  
  14  0:25  SCV  
  15  0:29  Refinery  
  15  0:39  SCV  
  16  0:45  Barracks  
  16  0:51  SCV  
  17  1:03  SCV  
  18  1:15  SCV  
  19  1:32  Barracks Reactor  
  19  1:33  Orbital Command  
  19  1:43  Command Center  
  19  1:54  Factory  
  19  2:00  SCV  
  20  2:06  Supply Depot  
  20  2:13  SCV  
  21  2:16  Refinery  
  21  2:19  Marine  
  21  2:20  Marine  
  23  2:27  SCV  
  24  2:39  SCV  
  24  2:42  Starport  
  24  2:43  Factory Tech Lab  
  25  2:44  Marine x2  
  27  2:51  SCV  
  27  2:56  Orbital Command  
  28  3:05  Marine x2  
  29  3:09  Siege Tank  
  33  3:13  SCV  
  33  3:14  Liberator  
  34  3:23  SCV  
  34  3:25  SCV  
  34  3:26  Supply Depot  
  39  3:35  SCV  
  39  3:37  SCV  
  41  3:44  Marine x2  
  41  3:47  SCV  
  44  3:49  Supply Depot, SCV  
  44  3:54  Siege Tank  
  48  3:59  SCV  
  48  4:01  SCV  
  50  4:03  Marine x2  
  52  4:11  SCV  
  52  4:13  Supply Depot, SCV  
  54  4:23  SCV, Barracks  
  55  4:24  Refinery  
  55  4:25  Refinery  
  55  4:26  Barracks  
  55  4:32  Engineering Bay, SCV  
  55  4:33  Starport Reactor  
  55  4:36  SCV  
  57  4:41  Supply Depot  
  57  4:44  SCV  
  58  4:48  SCV  
  58  4:50  Marine x2  
  58  4:52  Siege Tank  
  64  4:56  SCV  
  64  4:57  Terran Infantry Weapons Level 1  
  65  5:00  SCV  
  66  5:08  Supply Depot, SCV  
  66  5:14  Barracks  
  67  5:15  Barracks Tech Lab, Barracks  
  67  5:16  Barracks Tech Lab  
  67  5:21  Marine x2  
  69  5:29  SCV x2  
  69  5:33  Siege Tank  
  74  5:35  Combat Shields  
  74  5:36  Stimpack  
  74  5:40  Marine x4  
  78  5:47  Supply Depot  
  78  5:48  Supply Depot  
  78  5:51  Medivac  
  78  5:53  Medivac  
  82  6:03  Barracks Reactor x2  
  82  6:04  Marine x4  
  82  6:09  Siege Tank  
  89  6:16  Supply Depot  
  89  6:18  Supply Depot  
  89  6:22  Marine x4  
  93  6:26  Medivac x2  
  97  6:39  Marine  
  97  6:40  Marine x7  
  97  6:43  Supply Depot  
  97  6:44  Supply Depot  
  105  6:47  Siege Tank  
  108  6:57  Medivac x2, Marine  
  113  7:02  Marine x4  
  113  7:05  Marine x2  
  119  7:11  Supply Depot  
  119  7:14  Marine  
  119  7:15  Marine  
  120  7:19  Marine  
  120  7:20  Siege Tank  
  125  7:26  Medivac  
  125  7:27  Medivac, Marine  
  125  7:28  Marine  
  131  7:35  Supply Depot  
  131  7:43  Marine x2  
  131  7:44  Marine x4  
  137  7:45  Marine  
  138  7:51  Supply Depot  
  138  7:55  Siege Tank  
  141  8:02  Medivac x2  
  145  8:06  Supply Depot  
  145  8:08  Marine x3  
  148  8:26  Marine x2  
  149  8:27  Siege Tank  
  152  8:41  Marine x6  
  152  8:42  Medivac x2  
  152  8:44  Marine  
  163  8:54  Marine  
  164  8:59  Marine x2  
  164  9:02  Marine x2  
Show
View Real Time Build Order
Export as new Build Order

A.I. 2 (Elite) Terran 

Build Orders: Command Center First (CC), MMM Bio 

Get SALT Encoding   

  12  0:00  SCV  
  13  0:13  SCV  
  14  0:20  Supply Depot  
  14  0:25  SCV  
  15  0:42  SCV  
  16  0:54  SCV  
  17  1:04  Command Center  
  17  1:06  SCV  
  18  1:18  Barracks  
  18  1:19  SCV  
  19  1:40  Refinery  
  19  1:54  Supply Depot  
  19  1:56  SCV  
  20  2:05  Marine  
  20  2:08  Refinery  
  21  2:09  Orbital Command  
  21  2:16  SCV  
  22  2:23  Marine  
  22  2:28  SCV  
  24  2:34  SCV  
  25  2:41  Marine  
  26  2:44  Orbital Command  
  26  2:54  Factory, SCV  
  27  2:59  Marine  
  27  3:04  Factory  
  28  3:09  SCV  
  28  3:12  SCV  
  30  3:16  Marine  
  31  3:21  SCV  
  31  3:24  SCV  
  31  3:26  Supply Depot  
  33  3:33  SCV  
  34  3:34  Marine  
  34  3:36  SCV  
  34  3:37  Factory Tech Lab  
  36  3:45  SCV  
  36  3:48  SCV, Factory Tech Lab  
  38  3:52  Marine  
  39  3:57  SCV  
  39  3:59  Supply Depot, Siege Tank  
  39  4:00  SCV  
  44  4:06  Siege Tank  
  48  4:10  SCV  
  48  4:12  SCV  
  49  4:17  Supply Depot, Marine  
  49  4:22  SCV  
  51  4:24  SCV  
  51  4:28  Supply Depot  
  51  4:31  Siege Tank  
  55  4:34  SCV  
  55  4:36  SCV  
  57  4:40  Supply Depot  
  57  4:43  Siege Tank  
  57  4:44  Marine  
  61  4:46  SCV  
  61  4:48  SCV  
  61  4:50  Engineering Bay  
  63  4:58  SCV  
  64  5:00  SCV  
  64  5:02  Refinery  
  64  5:03  Barracks Tech Lab  
  65  5:07  Refinery  
  65  5:10  SCV  
  65  5:13  SCV  
  66  5:20  Barracks, Marine  
  66  5:21  Missile Turret  
  67  5:22  SCV  
  67  5:25  SCV  
  67  5:26  Stimpack  
  67  5:34  SCV  
  65  5:37  SCV  
  65  5:38  Marine  
  66  5:46  SCV  
  66  5:49  SCV  
  68  5:56  Marauder  
  69  5:58  SCV  
  69  6:01  SCV  
  71  6:06  Barracks Tech Lab  
  71  6:11  SCV  
  72  6:13  SCV  
  72  6:15  Siege Tank  
  72  6:17  Marine  
  76  6:20  Missile Turret  
  76  6:23  SCV  
  76  6:24  Marine  
  78  6:27  Command Center  
  78  6:36  Marauder  
  78  6:42  SCV  
  78  6:43  Marauder  
  76  6:55  Terran Infantry Weapons Level 1  
  76  6:57  Marauder  
  75  7:03  Marine  
  75  7:04  Combat Shields  
  75  7:10  SCV  
  71  7:18  Marauder  
  71  7:22  Marauder  
  75  7:31  Engineering Bay  
  75  7:37  Siege Tank  
  75  7:40  SCV, Marauder  
  75  7:43  SCV, Marine  
  83  7:44  SCV  
  83  7:52  SCV  
  83  7:55  SCV  
  83  7:56  SCV  
  84  8:01  Marauder  
  84  8:03  Marauder  
  84  8:04  SCV  
  89  8:07  SCV  
  89  8:11  Supply Depot  
  89  8:12  SCV  
  91  8:16  SCV  
  91  8:19  SCV  
  92  8:23  Marauder  
  92  8:24  SCV  
  95  8:27  Marine  
  95  8:28  SCV  
  95  8:31  SCV  
  91  8:36  SCV  
  91  8:40  Supply Depot  
  91  8:41  SCV  
  90  8:43  SCV  
  90  8:44  Marauder  
  90  8:45  Marine  
  93  8:49  SCV  
  93  8:53  SCV  
  93  8:55  SCV  
  96  9:01  SCV  
  94  9:03  Marine  
  94  9:05  SCV  
  94  9:07  SCV  
  77  9:13  SCV  
  62  9:23  Supply Depot  
Tags
 
Add a new tag
Caveats
  • Supply blocks, unpowered buildings, or Contaminate may cause inaccurate times.
  • Supply counts are checked every 10 seconds.